cohdb
Replays
Latest Replays
All Replays
Popular Replays
Top Player Replays
Match Explorer
How It Works
Community
CoH3 Stats
Reddit
Sign in to upload your games and track your stats! →
Sign in with Steam
Match 25957334
Unlisted
Match 25957334
Overview
Messages
Build Orders
End
Panzergrenadier Squad
Kradschützen Motorcycle Team
Panzergrenadier Squad
250 Light Carrier
Construct Light Support Kompanie
Assault Grenadier Squad
Fire Support Elements
Panzergrenadier Squad
Advanced Field Repairs
Flakvierling Half-track
Pak 38 Anti-tank Gun Team
Panzerjäger Mechanized Group
MG34 Team
Selects Semovente da 75/18 Assault Gun
Construct Mechanized Kompanie
Selects Strafing Run
Selects Bersaglieri Squad
Bersaglieri Squad
Selects Vehicle Support - Secure Location
Support Armor Elements
Combat Half-tracks
Selects Vehicle Support - Force Recon
Marder III Tank Destroyer
Panzergrenadier Squad
Vehicle Survival Package
Panzergrenadier Squad
Selects Pact of Steel
Selects Italian Infantry
Selects Italian Combined Arms Battlegroup
CPU - Experto
CPU - Experto
CPU - Experto
Eber
Kamikatze
错了再错
0
0
Comments
sign in to comment!
No comments posted yet!